 Dungeon Crawl Stone Soup version 0.19-a0-1882-gbb73ea0 (webtiles) character file.

17 Amnesiac the Ogre Mage (level 2, -9/28 HPs)
             Began as an Ogre Wizard on Oct 14, 2016.
             Killed by divine providence
             ... invoked by an orc priest
              (10 damage)
             ... on level 3 of the Dungeon.
             The game lasted 00:01:43 (603 turns).

Amnesiac the Ogre Mage (Ogre Wizard)                 Turns: 603, Time: 00:01:44

Health: -9/28      AC:  3    Str: 11    XL:     2   Next: 62%
Magic:  2/6        EV: 10    Int: 17    God:
Gold:   58         SH:  0    Dex:  8    Spells: 2 memorised, 5 levels left

rFire  + . .     SeeInvis .     i - +0 morningstar
rCold  + . .     Gourm    .     a - +0 robe
rNeg   . . .     Faith    .     (no shield)
rPois  +         Spirit   .     b - +0 hat
rElec  +         Dismiss  .     (no cloak)
rCorr  +         Reflect  .     (gloves unavailable)
MR     .....     Harm     .     (boots unavailable)
Stlth  +.........               (no amulet)
                                (no ring)
                                (no ring)

@: resistant
A: unfitting armour, tough skin 1
a: no special abilities


You were on level 3 of the Dungeon.
You were not hungry.

You visited 1 branch of the dungeon, and saw 4 of its levels.

You collected 58 gold pieces.

Inventory:

Hand Weapons
 i - a +0 morningstar (weapon)
Armour
 a - a +0 robe (worn)
 b - a +0 hat (worn)
Scrolls
 e - a scroll of fog {unknown}
 f - a scroll of blinking {unknown}
 h - a scroll of teleportation {unknown}
Potions
 g - a potion of resistance
Books
 c - a book of Minor Magic

   Spells                             Type                      Level
   a - Magic Dart                     Conjuration                  1
   b - Blink                          Translocation                2
   c - Call Imp                       Summoning                    2
   d - Repel Missiles                 Charms/Air                   2
   e - Slow                           Hexes                        2
   f - Conjure Flame                  Conjuration/Fire             3
   g - Mephitic Cloud                 Conjuration/Poison/Air       3
Comestibles
 d - a bread ration


   Skills:
 + Level 1.8 Fighting
 + Level 2.4 Dodging
 - Level 1.4 Stealth
 - Level 3.6 Spellcasting
 - Level 0.6 Conjurations
 - Level 0.6 Summonings
   Level 0.6 Translocations


You had 5 spell levels left.
You knew the following spells:

 Your Spells              Type           Power        Failure   Level  Hunger
d - Call Imp              Summ           #.......     21%         2    ##.....
f - Magic Dart            Conj           #...         14%         1    None


Dungeon Overview and Level Annotations

Branches:
Dungeon (4/15)             Temple (0/1) D:4

Altars:

Annotations:
D:4 DEFE's ghost, novice DsMo


Innate Abilities, Weirdness & Mutations

You are too large for most types of armour.
You have tough skin. (AC +1)


Message History

Beogh smites you!
You hear a shout!
The orc hits you but does no damage.
The orc throws a steel tomahawk.
The steel tomahawk hits you.
An orc comes into view. It is wielding a club.
There is an escape hatch in the ceiling here.
You see here a steel tomahawk.
The orc hits you but does no damage. The orc priest hits you.
* * * LOW HITPOINT WARNING * * *
The leopard gecko skeleton barely misses you.
The orc throws a steel tomahawk.
The steel tomahawk hits you.
* * * LOW HITPOINT WARNING * * *
A mysterious force pulls you upwards. The hatch slams shut behind you.
Okay, then.
It was a potion of resistance.
You feel protected. The orc barely misses you.
The orc priest calls down the wrath of Beogh upon you.
Beogh smites you!
You die...

#.#####
#...o@#
#####o......#
#########


You could see an orc priest and an orc.

Vanquished Creatures
  A giant cockroach (D:1)
  3 hobgoblins (D:1)
  A kobold (D:1)
  2 bats (D:2)
  A frilled lizard (D:1)
  A rat (D:1)
9 creatures vanquished.

Vanquished Creatures (collateral kills)
  An adder (D:2)
  A goblin (D:2)
  A hobgoblin (D:1)
  A kobold (D:2)
4 creatures vanquished.

Grand Total: 13 creatures vanquished

Notes
Turn   | Place    | Note
-------+----------+-------------------------------------------
     0 | D:1      | Amnesiac the Ogre Wizard began the quest for the Orb.
     0 | D:1      | Reached XP level 1. HP: 16/16 MP: 5/5
   180 | D:1      | Reached skill level 1 in Fighting
   259 | D:1      | Reached XP level 2. HP: 27/27 MP: 1/6
   264 | D:1      | Learned a level 2 spell: Call Imp
   553 | D:2      | You fall through a shaft for 2 floors!
   575 | D:4      | Noticed DEFE's ghost (novice DsMo)
   598 | D:4      | Found a staircase to the Ecumenical Temple.
   601 | D:4      | HP: 1/28 [orc/steel tomahawk (6)]
   603 | D:3      | Killed from afar by an orc priest

Vault maps used:
D:1:      nagdon_arrival_zigzag_paths
D:2:      uniq_robin
D:3:      gammafunk_temple_overflow_claw
D:4:      grunt_temple_overflow_opulence, minmay_item_behind_shaft,
          kennysheep_small_square

Skill      XL: |  1 |
---------------+----+-----
Fighting       | 1 |  1.8
Dodging        | 2 |  2.4
Stealth        | |  1.4
Spellcasting   | |  3.6
Conjurations   | |  0.6
Summonings     | |  0.6
Translocations | |  0.6

Action                   || total
-------------------------++-------
Melee: Unarmed           ||    17
 Cast: Magic Dart        ||    27
       Call Imp          ||     8
  Use: Potion            ||     1
Armor: Robe              ||    11
Dodge: Dodged            ||    13
